 Dungeon Crawl Stone Soup version 0.24-a0-170-gd8427f5 (webtiles) character file.

Game seed: 3954284036565220684

30 Hybris the Sneak (level 3, 0/18 HPs)
             Began as a Spriggan Assassin on Mar 7, 2019.
             Succumbed to an adder's poison
             ... on level 2 of the Dungeon on Mar 10, 2019.
             The game lasted 00:03:08 (1128 turns).

Hybris the Sneak (Spriggan Assassin)                Turns: 1128, Time: 00:03:09

Health: 0/18       AC:  3    Str:  7    XL:     3   Next: 5%
Magic:  4/4        EV: 17    Int: 12    God:
Gold:   58         SH:  0    Dex: 18    Spells: 2/2 levels left

rFire    . . .     SeeInvis +   p - -2 dagger (curse)
rCold    . . .     Gourm    .   (shield restricted)
rNeg     . . .     Faith    .   c - +0 robe
rPois    .         Spirit   .   (helmet restricted)
rElec    .         Reflect  .   d - +0 cloak
rCorr    .         Harm     .   (gloves unavailable)
MR       .....                  (boots unavailable)
Stlth    ++++......             (no amulet)
HPRegen  0.06/turn              (no ring)
MPRegen  0.09/turn              (no ring)

@: lethally poisoned (0 -> -5), very quick
A: very small, unfitting armour, see invisible, herbivore, speed 3, slow
metabolism 2
a: no special abilities


You were on level 2 of the Dungeon.
You were not hungry.

You visited 1 branch of the dungeon, and saw 2 of its levels.

You collected 58 gold pieces.

Inventory:

Hand Weapons
 a - a +2 dagger
 b - a +0 blowgun
 n - a +0 hunting sling
 p - a cursed -2 dagger (weapon)
Missiles
 e - 8 poisoned needles
 f - 2 curare-tipped needles
 j - 21 sling bullets
 o - 5 stones (quivered)
Armour
 c - a +0 robe (worn)
 d - a +0 cloak (worn)
Scrolls
 h - a scroll of magic mapping
 k - a scroll of fear
 m - 2 scrolls of identify
 q - 2 scrolls of amnesia {unknown}
Potions
 i - a potion of degeneration {unknown}
 l - a potion of brilliance {unknown}
Comestibles
 g - 3 rations


   Skills:
 - Level 1.5 Fighting
 * Level 3.3 Short Blades
 - Level 2.0 Throwing
 - Level 1.5 Dodging
 + Level 6.5 Stealth


You had 2 spell levels left.
You didn't know any spells.
Your spell library was empty.

Dungeon Overview and Level Annotations

Branches:
Dungeon (2/15)

Altars:


Innate Abilities, Weirdness & Mutations

You are very small and have problems with some larger weapons.
You are too small for most types of armour.
You have supernaturally acute eyesight. (SInv)
You are a herbivore.
You cover ground extremely quickly.
You need to consume almost no food.


Message History

* * * LOW HITPOINT WARNING * * *
You are lethally poisoned!
The adder poisons you! The bat misses you. The rat misses you.
The adder barely misses you.
Unknown command.
Unknown command.
There is a lethal amount of poison in your body!
There is a lethal amount of poison in your body!
There is a lethal amount of poison in your body!
You hit the adder.
The adder is moderately wounded.
* * * LOW HITPOINT WARNING * * *
You feel sick. The bat misses you. The adder bites you.
* * * LOW HITPOINT WARNING * * *
You closely miss the adder.
The adder is moderately wounded.
The rat closely misses you. The adder misses you.
You miss the adder.
The adder is moderately wounded.
You die...

##########
#........# #####
#........# # #...##
#........####
#....###........##..
#.b..%............
#@S............[..
#..r###.####.......
#...#)..# #.$.##..
##..#?..# #...####
#..###.. ...### #...
w..###.. #..# .#..
#.. ##.# ( .. #..


You could see an adder, a bat and a rat.

Vanquished Creatures
  An ooze (D:1)
  A leopard gecko (D:1)
  A giant cockroach (D:2)
  7 goblins
  4 kobolds
  5 bats (D:1)
  2 frilled lizards (D:1)
  8 rats (D:1)
29 creatures vanquished.

Notes
Turn   | Place    | Note
-------+----------+-------------------------------------------
     0 | D:1      | Hybris the Spriggan Assassin began the quest for the Orb.
     0 | D:1      | Reached XP level 1. HP: 10/10 MP: 2/2
    30 | D:1      | Reached skill level 6 in Stealth
    53 | D:1      | Upgraded the game from 0.24-a0-169-g71aafec to
                  | 0.24-a0-170-gd8427f5
   116 | D:1      | Reached XP level 2. HP: 14/14 MP: 3/3
  1051 | D:2      | Reached XP level 3. HP: 13/18 MP: 4/4
  1128 | D:2      | Succumbed to an adder's poison

Levels and vault maps discovered:
D:1:      psy_arrival_whirlpool, layout_basic, chequers_serial_rivers_micro_e,
          minmay_large_rounded_square
D:2:      layout_rooms, minmay_octomino_c4

Skill      XL: |  1  2 |
---------------+-------+-----
Stealth        | 6 |  6.5
Short Blades   | 3 |  3.3
Fighting       | |  1.5
Throwing       | |  2.0
Dodging        | |  1.5

Action                   || total
-------------------------++-------
Melee: Dagger            ||   137
  Use: Scroll            ||     3
 Stab: Sleeping          ||    10
Armor: Robe              ||    28
Dodge: Dodged            ||   156

Table legend:
 A = Non-vault XP
 B = Vault XP
 C = Vault XP percentage of total XP
 D = Non-vault monster count
 E = Vault monster count
 F = Vault count percentage of total count
                 A         B        C        D         E       F
            +---------+---------+-------+---------+---------+-------
      Total |      43 |       1 |   2.3 |      28 |       1 |   3.4
            +---------+---------+-------+---------+---------+-------
        D:1 |      40 |       0 |   0.0 |      26 |       0 |   0.0
        D:2 |       3 |       1 |  25.0 |       2 |       1 |  33.3
            +---------+---------+-------+---------+---------+-------
